 Dungeon Crawl Stone Soup version 0.24-a0-317-g5cb8de4 (webtiles) character file.

Game seed: 10902359166283256526

1855 MisterFreud the Charlatan (level 9, 0/69 HPs)
             Began as a Gnoll Wanderer on May 16, 2019.
             Was a Priest of Okawaru.
             Slain by a hippogriff (10 damage)
             ... on level 8 of the Dungeon.
             The game lasted 00:14:25 (7436 turns).

MisterFreud the Charlatan (Gnoll Wanderer)          Turns: 7436, Time: 00:14:26

Health: 0/69       AC:  4    Str: 20      XL:     9   Next: 12%
Magic:  14/14      EV: 11    Int: 20      God:    Okawaru [***...]
Gold:   378        SH:  9    Dex: 12 (16) Spells: 14/15 levels left

rFire    . . .     SeeInvis .   e - +2 short sword (vamp)
rCold    . . .     Gourm    .   C - +0 shield
rNeg     . . .     Faith    .   o - +2 robe {MR+}
rPois    .         Spirit   .   (no helmet)
rElec    .         Reflect  .   (no cloak)
rCorr    .         Harm     .   (no gloves)
MR       +....                  (no boots)
Stlth    +++.......             p - amulet of inaccuracy (curse)
HPRegen  0.21/turn              x - +4 ring of strength
MPRegen  0.14/turn              r - +5 ring of intelligence

@: no status effects
A: distributed training, fangs 1, strong nose
a: Heroism, Renounce Religion


You were on level 8 of the Dungeon.
You worshipped Okawaru.
Okawaru was most pleased with you.
You were very hungry.

You visited 1 branch of the dungeon, and saw 8 of its levels.

You collected 378 gold pieces.

Inventory:

Hand Weapons
 a - a +3 dagger
 e - a +2 vampiric short sword (weapon)
Missiles
 c - 120 stones (quivered)
 h - 165 bolts
 i - 87 arrows
 l - 72 sling bullets
 q - 6 atropa-tipped darts
 w - 2 boomerangs
 D - 11 poisoned darts
Armour
 o - a +2 robe of magic resistance (worn)
 C - a +0 shield (worn)
Jewellery
 n - an uncursed ring of ice
 p - a cursed amulet of inaccuracy (around neck)
 r - a +5 ring of intelligence (right hand)
 t - an uncursed ring of fire
 v - an uncursed ring of stealth
 x - a +4 ring of strength (left hand)
Scrolls
 g - a scroll of identify
 s - a scroll of magic mapping
 u - a scroll of fear
 y - a scroll of teleportation
Potions
 b - a potion of berserk rage
 d - 6 potions of curing
 j - 3 potions of heal wounds
 k - 2 potions of brilliance
 m - 4 potions of flight
 z - 2 potions of haste
 B - 4 potions of cancellation
Comestibles
 f - 10 rations


   Skills:
 + Level 6.0 Fighting
 + Level 3.8 Short Blades
 + Level 3.8 Long Blades
 + Level 3.8 Axes
 + Level 3.8 Maces & Flails
 + Level 6.0 Polearms
 + Level 3.8 Staves
 + Level 3.8 Slings
 + Level 3.8 Bows
 + Level 3.8 Crossbows
 + Level 3.8 Throwing
 + Level 3.8 Armour
 + Level 3.8 Dodging
 + Level 4.5 Stealth
 + Level 3.8 Shields
 + Level 3.8 Unarmed Combat
 + Level 3.8 Spellcasting
 + Level 5.0 Conjurations
 + Level 3.9 Hexes
 + Level 3.1 Charms
 + Level 3.1 Summonings
 + Level 3.1 Necromancy
 + Level 3.1 Translocations
 + Level 3.1 Transmutations
 + Level 3.1 Fire Magic
 + Level 3.1 Ice Magic
 + Level 3.1 Air Magic
 + Level 3.1 Earth Magic
 + Level 3.1 Poison Magic
 + Level 4.2 Invocations
 + Level 6.0 Evocations


You had 14 spell levels left.
You knew the following spells:

 Your Spells              Type           Power        Failure   Level  Hunger
a - Flame Tongue          Conj/Fire      ###..        10%         1    None

Your spell library contained the following spells:

 Spells                   Type           Power        Failure   Level  Hunger
 Conjure Flame            Conj/Fire      ###.....     30%         3    ###....


Dungeon Overview and Level Annotations

Branches:
Dungeon (8/15)             Temple (0/1) D:4
   Lair: D:8-11

Altars:
Ashenzari
Makhleb
Okawaru
Ru
Sif Muna
Uskayaw
Yredelemnul


Innate Abilities, Weirdness & Mutations

Your experience applies equally to all skills.
You have very sharp teeth.
Your uncanny sense of smell can sniff out nearby items.


Message History

Aiming: Corrosive Bolt
Press: ? - help, Shift-Dir - straight line, f/p - hippogriff
Aim: a hippogriff (moderately wounded)
The bolt of acid hits the hippogriff!!
The hippogriff is splashed with acid.
The hippogriff is almost dead.
The bolt of acid hits something!!
Okawaru accepts your kill.
Reactivating autopickup.
You feel a bit more experienced.
The now-empty wand crumbles to dust.
The hippogriff bites you but does no damage.
The hippogriff closely misses you. The hippogriff completely misses you.
You hit the hippogriff.
The hippogriff is almost dead.
You block the hippogriff's attack. The hippogriff completely misses you.
You block the hippogriff's attack.
You completely miss the hippogriff.
You bite the hippogriff, but do no damage.
The hippogriff is almost dead.
The hippogriff bites you!
You die...

#.# #.# ∆ #.# ## #.# . #.# ###.#
#.# #.#. . .. #.#..#.. #..
.####.## # #.#..#.# #.. #.#
#....... # #.#..#h####.. #@#
#.#....# ## #.#..#....... #H#
#)#.#... .
#.#.o#....#.####)#####.#.##.# #
#.#.......[.)............##.# #
#.##....#...#....#.......##.#####
............######...............
#>########..# #......###.#####
#..).....)..# #[.....# #.#
#..).......## ######## #.#


You could see a hippogriff.

Vanquished Creatures
  Sigmund (D:3)
  An orc warrior (D:8)
  An ice beast (D:7)
  3 ogres
  3 centaurs
  A bullfrog (D:7)
  A scorpion (D:5)
  2 howler monkeys
  A crimson imp (D:7)
  4 hounds
  2 quasits
  3 orc priests
  4 orc wizards
  A centaur skeleton (D:4)
  An iguana (D:7)
  Natasha (thrice) (D:3)
  2 worker ants (D:7)
  6 adders
  A gnoll (D:7)
  A howler monkey skeleton (D:8)
  An adder skeleton (D:3)
  5 worms
  2 dart slugs (D:1)
  6 leopard geckos
  12 orcs
  A giant cockroach (D:2)
  6 hobgoblins
  5 jackals
  9 kobolds
  4 quokkas
  4 ball pythons
  A ball python skeleton (D:4)
  9 bats
  7 frilled lizards
  8 goblins
  A jackal skeleton (D:4)
  A quokka zombie (D:7)
  22 rats
146 creatures vanquished.

Vanquished Creatures (others)
  A fungus (D:4)
1 creature vanquished.

Grand Total: 147 creatures vanquished

Notes
Turn   | Place    | Note
-------+----------+-------------------------------------------
     0 | D:1      | MisterFreud the Gnoll Wanderer began the quest for the Orb.
     0 | D:1      | MisterFreud set off with the following items: a +2 dagger,
                  | a potion of berserk rage, a potion of curing, a +0 robe, a
                  | ration; and the following spell memorised: Flame Tongue;
                  | and the following spells available to memorise: Conjure
                  | Flame
     0 | D:1      | Reached XP level 1. HP: 20/20 MP: 3/3
    48 | D:1      | Reached XP level 2. HP: 15/26 MP: 5/5
   509 | D:1      | Reached XP level 3. HP: 28/31 MP: 6/6
   926 | D:1      | Reached skill level 1 in Invocations
  1246 | D:2      | Found an iron altar of Okawaru.
  1261 | D:2      | Reached skill level 1 in Short Blades
  1261 | D:2      | Reached skill level 1 in Long Blades
  1261 | D:2      | Reached skill level 1 in Axes
  1261 | D:2      | Reached skill level 1 in Maces & Flails
  1261 | D:2      | Reached skill level 1 in Staves
  1261 | D:2      | Reached skill level 1 in Slings
  1261 | D:2      | Reached skill level 1 in Bows
  1261 | D:2      | Reached skill level 1 in Crossbows
  1261 | D:2      | Reached skill level 1 in Throwing
  1261 | D:2      | Reached skill level 1 in Armour
  1261 | D:2      | Reached skill level 1 in Dodging
  1261 | D:2      | Reached skill level 1 in Shields
  1261 | D:2      | Reached skill level 1 in Unarmed Combat
  1261 | D:2      | Reached skill level 1 in Spellcasting
  1261 | D:2      | Reached XP level 4. HP: 21/38 MP: 7/7
  1270 | D:2      | Became a worshipper of Warmaster Okawaru
  2095 | D:3      | Noticed Sigmund
  2107 | D:3      | Killed Sigmund
  2107 | D:3      | Reached * piety under Okawaru
  2107 | D:3      | Reached skill level 1 in Charms
  2107 | D:3      | Reached skill level 1 in Summonings
  2107 | D:3      | Reached skill level 1 in Necromancy
  2107 | D:3      | Reached skill level 1 in Translocations
  2107 | D:3      | Reached skill level 1 in Transmutations
  2107 | D:3      | Reached skill level 1 in Fire Magic
  2107 | D:3      | Reached skill level 1 in Ice Magic
  2107 | D:3      | Reached skill level 1 in Air Magic
  2107 | D:3      | Reached skill level 1 in Earth Magic
  2107 | D:3      | Reached skill level 1 in Poison Magic
  2107 | D:3      | Reached XP level 5. HP: 24/43 MP: 8/8
  2107 | D:3      | Reached XP level 6. HP: 29/50 MP: 9/9
  2560 | D:3      | Noticed Natasha
  2573 | D:3      | Killed Natasha
  3064 | D:2      | Reached skill level 5 in Fighting
  3064 | D:2      | Reached skill level 5 in Polearms
  3064 | D:2      | Reached skill level 5 in Evocations
  3265 | D:3      | Noticed Natasha
  3274 | D:3      | Killed Natasha
  3278 | D:3      | Noticed Natasha
  3288 | D:3      | Killed Natasha
  3578 | D:4      | Found an iron altar of Okawaru.
  3578 | D:4      | Found a sacrificial altar of Ru.
  3583 | D:4      | Found a deep blue altar of Sif Muna.
  3583 | D:4      | Found a basalt altar of Yredelemnul.
  3615 | D:4      | Reached ** piety under Okawaru
  3615 | D:4      | Reached XP level 7. HP: 34/56 MP: 10/10
  3695 | D:4      | Found a staircase to the Ecumenical Temple.
  4721 | D:5      | Entered Level 5 of the Dungeon
  5107 | D:5      | Reached XP level 8. HP: 59/63 MP: 12/12
  5187 | D:5      | You fall through a shaft for 3 floors!
  5703 | D:7      | Reached *** piety under Okawaru
  6640 | D:7      | Received a gift from Okawaru
  6849 | D:7      | Reached XP level 9. HP: 48/69 MP: 14/14
  7294 | D:7      | Found a shattered altar of Ashenzari.
  7297 | D:7      | Found a burning altar of Makhleb.
  7300 | D:7      | Found a hide-covered altar of Uskayaw.
  7403 | D:8      | Reached skill level 5 in Conjurations
  7436 | D:8      | Slain by a hippogriff

Levels and vault maps discovered:
D:1:      evilmike_arrival_run_for_it, layout_basic, minmay_misc_feat_tiny,
          st_stairs_10, minmay_rat_gold_closets
D:2:      layout_basic, okawaru_metal_pillars_1_2
D:3:      layout_loops_corners, corexii_corridor_pit, uniq_sigmund, uniq_natasha
D:4:      layout_basic, grunt_temple_overflow_open, minmay_temple_entry_tees,
          serial_aquarium, aquarium_bridge_long_separate
          [aquarium_subvault_window, aquarium_subvault_bridge,
          aquarium_subvault_window, aquarium_subvault_window,
          aquarium_subvault_balcony, aquarium_subvault_bridge],
          aquarium_window_fake, aquarium_window_fake, aquarium_view_2c,
          aquarium_view_2c
D:5:      layout_gridville, first_ration
D:6:      layout_rooms, minmay_overflow_temple_star_quad,
          grunt_dithmenos_shadows
D:7:      layout_loops_corners, grunt_temple_overflow_diamond
D:8:      layout_basic

Skill      XL: |  1  2  3  4  5  6  7  8  9 |
---------------+----------------------------+-----
Hexes          | 2 3 |  3.9
Invocations    | 1 2 3 4 |  4.2
Short Blades   | 1 2 3 |  3.8
Long Blades    | 1 2 3 |  3.8
Axes           | 1 2 3 |  3.8
Maces & Flails | 1 2 3 |  3.8
Staves         | 1 2 3 |  3.8
Slings         | 1 2 3 |  3.8
Bows           | 1 2 3 |  3.8
Crossbows      | 1 2 3 |  3.8
Throwing       | 1 2 3 |  3.8
Armour         | 1 2 3 |  3.8
Dodging        | 1 2 3 |  3.8
Shields        | 1 2 3 |  3.8
Unarmed Combat | 1 2 3 |  3.8
Spellcasting   | 1 2 3 |  3.8
Conjurations   | 4 5 |  5.0
Charms         | 1 2 3 |  3.1
Summonings     | 1 2 3 |  3.1
Necromancy     | 1 2 3 |  3.1
Translocations | 1 2 3 |  3.1
Transmutations | 1 2 3 |  3.1
Fire Magic     | 1 2 3 |  3.1
Ice Magic      | 1 2 3 |  3.1
Air Magic      | 1 2 3 |  3.1
Earth Magic    | 1 2 3 |  3.1
Poison Magic   | 1 2 3 |  3.1
Stealth        | 3 4 |  4.5
Fighting       | 5 6 |  6.0
Polearms       | 5 6 |  6.0
Evocations     | 5 6 |  6.0

Action                   |  1- 3 |  4- 6 |  7- 9 || total
-------------------------+-------+-------+-------++-------
Melee: Dagger            |   112 |    80 |       ||   192
       Bite              |     5 |    17 |    50 ||    72
       Short sword       |       |    94 |   398 ||   492
       Punch             |       |     2 |     3 ||     5
 Cast: Flame Tongue      |       |     3 |       ||     3
Invok: Heroism           |       |       |     5 ||     5
Evoke: Wand              |       |       |     4 ||     4
  Use: Scroll            |     2 |       |    18 ||    20
       Potion            |       |       |     1 ||     1
 Stab: Sleeping          |    11 |     9 |     8 ||    28
  Eat: Chunk             |     1 |     6 |    11 ||    18
       Ration            |       |     2 |       ||     2
Armor: Robe              |    25 |    34 |    98 ||   157
Dodge: Dodged            |    66 |    88 |   215 ||   369
Block: Shield            |       |       |   107 ||   107

Table legend:
 A = Non-vault XP
 B = Vault XP
 C = Vault XP percentage of total XP
 D = Non-vault monster count
 E = Vault monster count
 F = Vault count percentage of total count
                 A         B        C        D         E       F
            +---------+---------+-------+---------+---------+-------
      Total |    2370 |     281 |  10.6 |     132 |      14 |   9.6
            +---------+---------+-------+---------+---------+-------
        D:1 |      44 |      19 |  30.2 |      27 |      12 |  30.8
        D:2 |      46 |       0 |   0.0 |      19 |       0 |   0.0
        D:3 |     147 |     262 |  64.1 |      27 |       2 |   6.9
        D:4 |     516 |       0 |   0.0 |      19 |       0 |   0.0
        D:5 |     247 |       0 |   0.0 |      10 |       0 |   0.0
        D:7 |     925 |       0 |   0.0 |      17 |       0 |   0.0
        D:8 |     445 |       0 |   0.0 |      13 |       0 |   0.0
            +---------+---------+-------+---------+---------+-------
